 Dungeon Crawl Stone Soup version 0.21-a0-525-ga34b322 (webtiles) character file.

401 IrkenScum the Poker (level 6, 0/53 HPs)
             Began as a Minotaur Fighter on Dec 7, 2017.
             Was an Initiate of Makhleb.
             Succumbed to Duvessa's poison
             ... on level 3 of the Dungeon.
             The game lasted 00:08:43 (3358 turns).

IrkenScum the Poker (Minotaur Fighter)              Turns: 3358, Time: 00:08:44

Health: 0/53       AC: 11    Str: 26    XL:     6   Next: 54%
Magic:  5/5        EV:  6    Int: 10    God:    Makhleb [......]
Gold:   127        SH: 10    Dex: 11    Spells: 5/5 levels left

rFire    + . .     SeeInvis .   a - +0 trident
rCold    . . .     Gourm    .   c - +0 shield
rNeg     . . .     Faith    .   k - +0 chain mail {rF+}
rPois    .         Spirit   .   e - +2 hat
rElec    .         Reflect  .   (no cloak)
rCorr    .         Harm     .   (no gloves)
MR       .....                  (no boots)
Stlth    ..........             (no amulet)
HPRegen  0.17/turn              (no ring)
MPRegen  0.09/turn              (no ring)

@: mighty, brilliant, lethally poisoned (0 -> -15)
A: retaliatory headbutt, horns 2
a: Renounce Religion


You were on level 3 of the Dungeon.
You worshipped Makhleb.
Makhleb was noncommittal.
You were not hungry.

You visited 1 branch of the dungeon, and saw 4 of its levels.

You collected 127 gold pieces.

Inventory:

Hand Weapons
 a - a +0 trident (weapon)
Armour
 c - a +0 shield (worn)
 e - a +2 hat (worn)
 k - a +0 chain mail of fire resistance (worn)
Scrolls
 i - a scroll of identify
 l - a scroll of fear {unknown}
 m - a scroll of amnesia {unknown}
 o - a scroll of teleportation {unknown}
Comestibles
 b - 6 chunks of flesh
 f - 2 bread rations
 h - 4 meat rations
 j - 9 fruits


   Skills:
 + Level 4.7 Fighting
 * Level 6.9 Polearms
 - Level 3.7 Armour
 + Level 0.8 Stealth
 + Level 5.0 Shields


You had 5 spell levels left.
You didn't know any spells.

Dungeon Overview and Level Annotations

Branches:
Dungeon (4/15)
 Temple: D:4-7

Altars:
Cheibriados
Fedhas
Makhleb
The Shining One

Annotations:
D:4 Dowan


Innate Abilities, Weirdness & Mutations

You reflexively headbutt those who attack you in melee.
You have a pair of horns on your head.


Message History

You bump into the rock wall.
You feel less invigorated.
You feel less confused.
You feel very sick.
* * * LOW HITPOINT WARNING * * *
You feel very sick.
* * * LOW HITPOINT WARNING * * *
You feel sick.
* * * LOW HITPOINT WARNING * * *
You feel sick.
* * * LOW HITPOINT WARNING * * *
You feel sick.
* * * LOW HITPOINT WARNING * * *
You feel sick.
* * * LOW HITPOINT WARNING * * *
You feel sick.
* * * LOW HITPOINT WARNING * * *
You feel sick.
* * * LOW HITPOINT WARNING * * *
You feel sick.
You die...

..........................)......
.....#####.##################....
.........#.# #..#. .....#.###.#
#..#.
.........#.##################..##
.....##..#.......................
[)...##...###################..##
>....##...# ###############..#
.....##...# #.@......>[..<...#
.....###'######.##############.#
...........^..#.# #.#
.....###.####.#.# #.# ######
#.#.##.#.# ### #.#
..######.#.##.#.######.#######.#
...............................#
..######.#....#........#######.#
...........##(#.######.##########


There were no monsters in sight!

Vanquished Creatures
  Duvessa (D:4)
  An orc priest (D:3)
  3 orc wizards
  9 adders
  4 oozes
  An adder skeleton (D:4)
  2 dart slugs
  3 leopard geckos (D:1)
  10 orcs
  7 bats
  3 giant cockroaches
  9 goblins
  10 hobgoblins
  2 jackals (D:3)
  9 kobolds
  5 quokkas
  4 frilled lizards
  8 rats
91 creatures vanquished.

Notes
Turn   | Place    | Note
-------+----------+-------------------------------------------
     0 | D:1      | IrkenScum the Minotaur Fighter began the quest for the Orb.
     0 | D:1      | Reached XP level 1. HP: 19/19 MP: 0/0
   156 | D:1      | Reached XP level 2. HP: 19/27 MP: 1/1
   340 | D:1      | Reached skill level 3 in Polearms
   487 | D:1      | Reached XP level 3. HP: 33/33 MP: 2/2
   566 | D:1      | Found a glowing golden altar of the Shining One.
   680 | D:2      | Found a faded altar of an unknown god.
   714 | D:2      | Reached skill level 4 in Polearms
   714 | D:2      | Reached XP level 4. HP: 30/40 MP: 3/3
  1073 | D:2      | Found a blossoming altar of Fedhas.
  1506 | D:3      | Found a glowing golden altar of the Shining One.
  1599 | D:3      | Reached skill level 5 in Polearms
  1599 | D:3      | Reached XP level 5. HP: 36/47 MP: 4/4
  2219 | D:3      | Found a burning altar of Makhleb.
  2225 | D:3      | Became a worshipper of Makhleb the Destroyer
  2443 | D:3      | Found a snail-covered altar of Cheibriados.
  2860 | D:4      | Noticed an ogre
  2861 | D:4      | Noticed an ogre
  2951 | D:3      | Reached skill level 6 in Polearms
  2951 | D:3      | Reached XP level 6. HP: 32/53 MP: 5/5
  3318 | D:4      | Noticed Duvessa
  3341 | D:4      | Killed Duvessa
  3341 | D:4      | Reached skill level 5 in Shields
  3347 | D:4      | Noticed Dowan
  3357 | D:3      | HP: 1/53 [poisoned by Duvessa]
  3358 | D:3      | Succumbed to Duvessa's poison

Vault maps used:
D:1:      matt_arrival_spirals, tso_metal_star
D:2:      nicolae_overflow_hidden_temple, chequers_ecumenical_altar_island,
          grunt_ministairs_9
D:3:      old_standard_altar, lemuel_crystal_altar, corexii_corridor_pit,
          roderic_lattice_a, bloody_makhleb
D:4:      minmay_temple_entry_large_hall, uniq_duvessa

Skill      XL: |  1  2  3  4  5  6 |
---------------+-------------------+-----
Fighting       | 4 |  4.7
Shields        | 4 5 |  5.0
Polearms       | 3 4 5 6 |  6.9
Armour         | |  3.7
Stealth        | |  0.8

Action                   |  1- 3 |  4- 6 || total
-------------------------+-------+-------++-------
Melee: Trident           |   100 |   225 ||   325
       Headbutt          |    13 |    41 ||    54
  Use: Scroll            |     2 |     1 ||     3
       Potion            |       |     3 ||     3
  Eat: Chunk             |       |     8 ||     8
Armor: Scale mail        |    41 |    62 ||   103
       Chain mail        |       |    55 ||    55
Dodge: Dodged            |    37 |    54 ||    91
Block: Shield            |    53 |   106 ||   159

Table legend:
 A = Spawn XP
 B = Non-spawn XP
 C = Spawn XP percentage of total XP
 D = Spawn monster count
 E = Non-spawn monster count
 F = Spawn count percentage of total count
 G = Total turns spent on level
                    A         B        C        D         E        F      G
               +---------+---------+-------+---------+---------+-------+---------
         Total |       0 |     573 |   0.0 |       0 |      91 |   0.0 |  3358
               +---------+---------+-------+---------+---------+-------+---------
           D:1 |       0 |      54 |   0.0 |       0 |      26 |   0.0 |   639
           D:2 |       0 |     114 |   0.0 |       0 |      27 |   0.0 |   829
           D:3 |       0 |     221 |   0.0 |       0 |      30 |   0.0 |  1489
           D:4 |       0 |     184 |   0.0 |       0 |       8 |   0.0 |   401
               +---------+---------+-------+---------+---------+-------+---------
